Map: Orbital Shipyard

Players

RollingRock - Winner!

  • Race: Protoss Protoss
  • League: Bronze

SticklerMac

  • Race: Terran Terran
  • League: Bronze

VOD

Have the link to the VOD?

Description

Time

  • Played on: July 27, 2015, 11:09 p.m.
  • Length: 6:53
Show
View Real Time Build Order
Export as new Build Order

RollingRock Protoss - Winner!

Build Orders:  

Get SALT Encoding   

  12  0:00  Probe  
  13  0:13  Pylon  
  13  0:18  Probe  
  14  0:31  Probe  
  15  0:35  Gateway  
  15  0:43  Probe  
  15  0:49  Assimilator  
  16  0:59  Pylon  
  16  1:04  Probe (Chrono Boost)  
  17  1:16  Probe (Chrono Boost)  
  18  1:23  Cybernetics Core  
  18  1:25  Zealot  
  20  1:26  Probe  
  21  1:39  Probe, Assimilator  
  22  1:51  Probe  
  23  2:00  Stalker  
  25  2:02  Warp Gate (Chrono Boost)  
  25  2:04  Probe  
  26  2:17  Gateway  
  26  2:22  Probe  
  27  2:28  Pylon  
  27  2:33  Stalker (Chrono Boost)  
  29  2:38  Probe  
  29  2:52  Gateway  
  29  3:07  Stalker x2  
  29  3:11  Probe  
  34  3:21  Pylon  
  35  3:41  Probe  
  35  3:55  Stalker  
  37  3:57  Pylon  
  37  4:00  Pylon  
  37  4:15  Mothership Core  
  37  4:16  Zealot x2  
  43  4:36  Probe  
  44  4:40  Stalker x3  
  50  4:50  Pylon  
  48  5:08  Stalker x3  
  50  5:31  Nexus  
  50  5:38  Sentry x2  
  50  5:39  Sentry  
  48  6:08  Stalker  
  48  6:09  Stalker x2  
  48  6:33  Stalker x3  
Show
View Real Time Build Order
Export as new Build Order

SticklerMac Terran 

Build Orders:  

Get SALT Encoding   

  12  0:00  SCV  
  13  0:13  SCV  
  14  0:20  Supply Depot  
  14  0:25  SCV  
  15  0:41  SCV  
  16  0:45  Barracks  
  16  0:48  Refinery  
  16  0:53  SCV  
  17  1:14  Barracks  
  17  1:15  SCV  
  18  1:39  Barracks Reactor  
  18  1:47  SCV  
  19  1:59  Refinery  
  19  2:00  SCV  
  20  2:03  Barracks Tech Lab  
  20  2:12  SCV  
  21  2:16  Engineering Bay x2  
  21  2:18  Marine x2  
  23  2:27  Factory  
  23  2:58  Supply Depot  
  23  3:04  Supply Depot  
  23  3:16  Starport  
  23  3:20  Marine x3  
  23  3:26  SCV  
  27  3:29  Terran Infantry Weapons Level 1  
  27  3:38  Marine x2  
  27  3:39  SCV  
  30  3:46  Terran Infantry Armor Level 1  
  30  3:55  Medivac  
  32  4:02  Marine  
  32  4:03  Marine  
  32  4:06  SCV  
  35  4:10  Marine  
  36  4:18  SCV  
  36  4:20  Marine  
  36  4:22  Marine  
  39  4:33  Marine  
  33  4:45  Marine  
  33  4:46  Marine  
  33  4:48  Widow Mine  
  33  4:51  Marine  
  35  5:10  Orbital Command  
  35  5:11  Marine x2  
  35  5:12  Marine  
  31  5:29  Marine  
  31  5:35  Marine x2  
  34  5:47  Marine  
  24  6:04  Marine  
  24  6:06  Widow Mine  
  17  6:31  Marine  
Tags
 
Add a new tag
Caveats
  • Supply blocks, unpowered buildings, or Contaminate may cause inaccurate times.
  • Supply counts are checked every 10 seconds.